 Dungeon Sprint DCSS version 0.29.0-7-g18a832c13a (webtiles) character file.

Game seed: 12001387900109650568

2725 ImASeal the Basher (level 9, -18/102 HPs)
             Began as a Troll Fighter on Sept 1, 2022.
             Was a Believer of Jiyva.
             Demolished by Pycin Xulle the pandemonium lord (24 damage)
             ... in the Dungeon (Sprint V: "Ziggurat Sprint").
             The game lasted 00:08:51 (242 turns).

ImASeal the Basher (Troll Fighter)                   Turns: 242, Time: 00:08:53

Health: -18/102    AC: 20    Str: 40    XL:     9   Next: 40%
Magic:  8/8        EV:  6    Int:  4    God:    Jiyva [**....]
Gold:   0          SH:  0    Dex:  6    Spells: 8/8 levels left

rFire   + + +      SeeInvis .   K - +7 great mace "Firestarter" {inner flame, rF++}
rCold   + . .      Faith    .   (shield currently unavailable)
rNeg    . . .      Spirit   .   E - +5 gold dragon scales
rPois   +          Reflect  .   (helmet restricted)
rElec   .          Harm     .   (no cloak)
rCorr   +          Rampage  .   (gloves unavailable)
Will    +....      NoTele   +   (boots unavailable)
Stlth   ..........              (no amulet)
HPRegen 2.03/turn               Q - ring "Jiach" {Will+ AC+4 Str+4 Dex-3}
MPRegen 0.41/turn               y - +6 ring of strength

@: spiked
A: large, unfitting armour, claws 3, regeneration 1, shaggy fur 1, tough skin 1,
deformed body
a: Renounce Religion


You were in the Dungeon.
You worshipped Jiyva.
Jiyva was pleased with you.
You visited 1 branch

Inventory:

Hand Weapons
 a - a +0 flail
 I - a +5 great mace
 K - the +7 great mace "Firestarter" (weapon) {inner flame, rF++}
   (You found it in the Dungeon)

   It burns those it strikes, dealing additional fire damage.
   It fills those it strikes with an explosive inner flame.
   It grants immunity to clouds of flame.
   rF:        It greatly protects you from fire.
 L - the +7 mace of Variability {chain chaos}
   (You found it in the Dungeon)

   Each time it hits an enemy it has a different, random effect.
   It occasionally unleashes arcs of chaos on nearby creatures upon striking a
   foe.
Armour
 b - a +0 robe
 c - a +0 kite shield
 C - a +3 tower shield
 D - +5 fire dragon scales
 E - +5 gold dragon scales (worn)
 F - +5 ice dragon scales
 G - +5 shadow dragon scales
 H - +5 storm dragon scales
 J - the +18 shield of the Gong {rElec rN+ Will+ EV-5}
   (You found it in the Dungeon)

   It is deafeningly noisy when blocking attacks.
   EV:        It affects your evasion (-5).
   rElec:     It insulates you from electricity.
   rN:        It protects you from negative energy.
   Will:      It increases your willpower.
Jewellery
 n - a ring of poison resistance
 s - a ring of flight
 t - a +6 ring of dexterity
 u - a +6 ring of dexterity
 v - a +6 ring of intelligence
 w - a +6 ring of intelligence
 x - a +6 ring of strength
 y - a +6 ring of strength (right claw)
 M - a ring of protection from fire
 N - the ring of Hiovun {rPois Int+4}
   (You found it in the Dungeon)

   [ring of poison resistance]

   Int:       It affects your intelligence (+4).
   rPois:     It protects you from poison.
 O - the ring of the Will of the Gods {+Blink rPois rC+ rCorr Dex+4}
   (You found it in the Dungeon)

   [ring of poison resistance]

   Dex:       It affects your dexterity (+4).
   rC:        It protects you from cold.
   rPois:     It protects you from poison.
   +Blink:    It lets you blink.
   rCorr:     It protects you from acid and corrosion.
 P - a ring of protection from cold
 Q - the ring "Jiach" (left claw) {Will+ AC+4 Str+4 Dex-3}
   (You found it in the Dungeon)

   [ring of protection]

   AC:        It affects your AC (+4).
   Str:       It affects your strength (+4).
   Dex:       It affects your dexterity (-3).
   Will:      It increases your willpower.
Wands
 z - a wand of mindburst (7)
 A - a wand of acid (7)
Scrolls
 j - 3 scrolls of blinking
 o - 4 scrolls of amnesia
 p - 7 scrolls of fog
 q - 5 scrolls of identify
 r - 2 scrolls of fear
Potions
 d - 6 potions of might
 e - 10 potions of curing
 f - 9 potions of heal wounds
 g - 6 potions of haste
 h - 7 potions of magic
 i - 3 potions of berserk rage
 k - 2 potions of brilliance
 l - 2 potions of invisibility
 m - 4 potions of resistance
Miscellaneous
 B - a lightning rod (4/4)


   Skills:
 + Level 10.3 Fighting
 + Level 10.9 Maces & Flails
 + Level 5.9 Armour
 + Level 8.2 Dodging
 + Level 8.5 Shields


You had 8 spell levels left.
You didn't know any spells.
Your spell library contained the following spells:

 Spells                   Type           Power      Damage    Failure   Level
 Summon Guardian Golem    Hex/Summ       0%         N/A       100%        3
 Orb of Destruction       Conj           0%         9d5       100%        7
 Spellforged Servitor     Conj/Summ      0%         N/A       100%        7


Dungeon Overview and Level Annotations

Branches:
Dungeon (1/1)

Altars:
Ashenzari
Cheibriados
Dithmenos
Elyvilon
Fedhas
Gozag
Hepliaklqana
Kikubaaqudgha
Makhleb
Nemelex Xobeh
Okawaru
Qazlal
Ru
Sif Muna
Trog
Uskayaw
Vehumet
Wu Jian
Xom
Yredelemnul
Zin
The Shining One
Jiyva
Lugonu

Annotations:
D 1 transporter


Innate Abilities, Weirdness & Mutations

You are too large for most types of armour.
You have claws for hands.
Your natural rate of healing is unusually fast.
You are covered in fur. (AC +1)
You have tough skin. (AC +1)
Armour fits poorly on your strangely shaped body.


Message History

You bludgeon the ice devil!! You burn the ice devil.
The ice devil explodes!
The fiery explosion engulfs the red devil.
The red devil completely resists.
The fiery explosion engulfs the shadow imp!!!
You kill the shadow imp!
The fiery explosion engulfs you. You resist.
The fiery explosion engulfs the ufetubus!!!
The ufetubus is burned terribly!
You kill the ufetubus!
The fiery explosion engulfs Pycin Xulle!!
Pycin Xulle is lightly wounded.
Pycin Xulle is engulfed in blazing flames.
Pycin Xulle trunk-slaps you but does no damage. x2
The red devil hits you but does no damage.
You crush Pycin Xulle like a grape!!! You burn Pycin Xulle!
Pycin Xulle is filled with an inner flame.
Pycin Xulle is heavily wounded.
Pycin Xulle gestures.
The red devil hits you from afar with a +0 trident!
Barbed spikes become lodged in your body.
You bludgeon Pycin Xulle!!
Flame seeps out of Pycin Xulle.
You burn Pycin Xulle!
Flame seeps out of Pycin Xulle.
Pycin Xulle is severely wounded.
The great orb of eyes stares at you suspiciously for a moment, then relaxes.
The floating eye stares at you suspiciously for a moment, then relaxes.
The golden eye stares at you suspiciously for a moment, then relaxes.
Pycin Xulle gestures at you. The lance of force hits you!!
* * * LOW HITPOINT WARNING * * *
You are knocked back by the lance of force.
You slam into the unnaturally hard rock wall!
* * * LOW HITPOINT WARNING * * *
The golden eye is engulfed in blazing flames.
You kill the golden eye!
The golden eye dissolves into a puddle of slime!
The red devil hits you but does no damage.
Pycin Xulle is engulfed in blazing flames.
Flame seeps out of Pycin Xulle.
Pycin Xulle trunk-slaps you!!
You die...

▓.......▓
▓.......▓
▓...©...▓
▓▓▓▓▓▓▓▓▓
▓..8©8..▓
▓..[[[..▓
▓..[:|..▓
▓....4§§▓
▓....G§@▓
▓....§&§▓
▓...G...▓
▓.▓...▓.▓
▓...©...▓
▓▓▓▓▓▓▓▓▓


You could see Pycin Xulle (inner flame), a red devil, a neutral great orb of
eyes (summoned) (fellow slime) and a neutral floating eye (summoned) (fellow
slime).

Vanquished Creatures
  A large abomination (D)
  An orange demon (D)
  2 toenail golems (D)
  A hellwing (D)
  An ice devil (D)
  A spriggan (D)
  A neqoxec (D)
  A hell hound (D)
  3 wolves (D)
  A bullfrog (D)
  A crimson imp (D)
  2 quasits (D)
  An iguana (D)
  3 river rats (D)
  A shadow imp (D)
  2 white imps (D)
  An ufetubus (D)
  An adder skeleton (D)
  2 ball python skeletons (D)
  A giant cockroach zombie (D)
28 creatures vanquished.

Vanquished Creatures (others)
  An anaconda (shapeshifter) (D)
  2 death drakes (shapeshifter) (D)
  A deep troll (shapeshifter) (D)
  2 steelbarb worms (shapeshifter) (D)
  3 sea snakes (shapeshifter) (D)
  A lindwurm (shapeshifter) (D)
  A slime creature (shapeshifter) (D)
  A polar bear (shapeshifter) (D)
  A wind drake (shapeshifter) (D)
  A dream sheep (shapeshifter) (D)
  A blink frog (shapeshifter) (D)
  A spriggan (shapeshifter) (D)
  A hog (shapeshifter) (D)
  A redback (shapeshifter) (D)
  A swamp drake (shapeshifter) (D)
  A floating eye (shapeshifter) (D)
  3 jellies (D)
23 creatures vanquished.

Grand Total: 51 creatures vanquished

Notes
Turn   | Place    | Note
-------+----------+-------------------------------------------
     0 | D        | ImASeal the Troll Fighter began the quest for the Orb.
     0 | D        | Reached XP level 1. HP: 22/22 MP: 0/0
     0 | D        | Found a shimmering blue altar of Sif Muna.
     0 | D        | Found a sacrificial altar of Ru.
     0 | D        | Found a bloodstained altar of Trog.
     0 | D        | Found a stormy altar of Qazlal.
     0 | D        | Found an iron altar of Okawaru.
     0 | D        | Found a sparkling altar of Nemelex Xobeh.
     0 | D        | Found a blossoming altar of Fedhas.
     0 | D        | Found the +6 Majin-Bo {vamp, MP+6 Int+6}
     0 | D        | Found the +9 heavy crossbow "Sniper" {vorpal, Acc+∞ SInv}
     0 | D        | Found the +10 dark maul {vorpal}
     0 | D        | Found the +15 Maxwell's patent armour {-Cast -Tele rElec
                  | Will+ rCorr}
     0 | D        | Found the +18 shield of the Gong {rElec rN+ Will+ EV-5}
     0 | D        | Found the +14 obsidian axe {vorpal, Mesm Drain Fly SInv}
     0 | D        | Found the +7 great mace "Firestarter" {inner flame, rF++}
     0 | D        | Found the +6 shillelagh "Devastator" {shatter}
     0 | D        | Found the +11 plutonium sword {Contam Stlth-}
     0 | D        | Found the +8 lance "Wyrmbane" {slay drac, rPois rF+ rC+
                  | AC+3}
     0 | D        | Found the +9 sword of Zonguldrok {reap}
     0 | D        | Found the +13 scythe of Curses {drain, Drain}
     0 | D        | Found the +5 sword of Power {vorpal}
     0 | D        | Found the +7 mace of Variability {chain chaos}
     0 | D        | Found the +7 Singing Sword {vorpal, sonic wave}
     0 | D        | Found the +8 storm bow {elec, penet}
     2 | D        | Found a transporter.
     2 | D        | Found an ancient bone altar of Kikubaaqudgha.
     2 | D        | Found a viscous altar of Jiyva.
     2 | D        | Found a corrupted altar of Lugonu.
     2 | D        | Found a hazy altar of Hepliaklqana.
     2 | D        | Found a burning altar of Makhleb.
     2 | D        | Found an opulent altar of Gozag.
    64 | D        | Reached skill level 5 in Fighting
    64 | D        | Reached skill level 5 in Maces & Flails
    64 | D        | Reached XP level 2. HP: 35/35 MP: 1/1
    74 | D        | Became a worshipper of Jiyva Jeeto the Shapeless
    76 | D        | Killed a polar bear
    77 | D        | Killed an anaconda
    78 | D        | Killed a redback
    79 | D        | Entered arena 2.
    79 | D        | Noticed a toenail golem
    79 | D        | Noticed a toenail golem
    79 | D        | Killed a dream sheep
    79 | D        | Found a transporter.
    81 | D        | Killed a steelbarb worm
    82 | D        | Killed a hog
    83 | D        | Killed a floating eye
    84 | D        | Killed a toenail golem
    85 | D        | Reached skill level 5 in Dodging
    85 | D        | Reached skill level 5 in Shields
    85 | D        | Reached XP level 3. HP: 16/46 MP: 2/2
    85 | D        | Reached XP level 4. HP: 19/55 MP: 3/3
    85 | D        | Reached XP level 5. HP: 21/62 MP: 4/4
    85 | D        | Reached XP level 6. HP: 24/71 MP: 5/5
    85 | D        | Killed a slime creature
    87 | D        | Killed a toenail golem
    88 | D        | Reached XP level 7. HP: 55/81 MP: 6/6
    88 | D        | Killed a death drake
    88 | D        | Killed a deep troll
    91 | D        | Killed a death drake
    94 | D        | Killed a wind drake
   100 | D        | Killed a spriggan
   102 | D        | Killed a lindwurm
   104 | D        | Killed a blink frog
   105 | D        | Killed a sea snake
   108 | D        | Killed a sea snake
   110 | D        | Entered arena 3.
   110 | D        | Found a transporter.
   119 | D        | Killed a steelbarb worm
   124 | D        | Killed a sea snake
   127 | D        | Entered arena 4.
   127 | D        | Noticed a spriggan
   127 | D        | Reached * piety under Jiyva
   127 | D        | Found a transporter.
   135 | D        | Killed a spriggan
   136 | D        | Reached XP level 8. HP: 65/91 MP: 7/7
   154 | D        | Got the ring of Hiovun {rPois Int+4}
   156 | D        | Entered arena 5.
   156 | D        | Found a transporter.
   173 | D        | Entered arena 6.
   173 | D        | Found a transporter.
   190 | D        | Got the ring of the Will of the Gods {+Blink rPois rC+
                  | rCorr Dex+4}
   198 | D        | Entered arena 7.
   198 | D        | Noticed a hellwing
   198 | D        | Noticed a large abomination
   198 | D        | Noticed an orange demon
   198 | D        | Reached ** piety under Jiyva
   199 | D        | Found a transporter.
   203 | D        | Gained mutation: Armour fits poorly on your strangely
                  | shaped body. [a neqoxec]
   205 | D        | Killed a large abomination
   205 | D        | Killed an orange demon
   206 | D        | Reached skill level 10 in Fighting
   206 | D        | Reached skill level 10 in Maces & Flails
   206 | D        | Reached skill level 5 in Armour
   206 | D        | Reached XP level 9. HP: 73/101 MP: 8/8
   206 | D        | Killed a hellwing
   230 | D        | Got the ring "Jiach" {Will+ AC+4 Str+4 Dex-3}
   235 | D        | Entered arena 8.
   235 | D        | Noticed Pycin Xulle the pandemonium lord
   235 | D        | Noticed a red devil
   235 | D        | Noticed an ice devil
   236 | D        | Found a transporter.
   240 | D        | Killed an ice devil
   242 | D        | Noticed a great orb of eyes
   242 | D        | Demolished by Pycin Xulle the pandemonium lord

Illustrated notes

Levels and vault maps discovered:
D:        sprint_v [room_start, room_1, room_2, room_3, room_4, room_5, room_6,
          room_7, room_8, room_9, room_10, room_11, room_12, room_13, room_14,
          room_15, room_16, room_17, room_18, room_19, room_20, room_21,
          room_22, room_23, room_24, room_25, room_26, room_27]

Skill      XL: |  1  2  3  4  5  6  7  8 |
---------------+-------------------------+-----
Fighting       | 5 7 8 10 | 10.3
Maces & Flails | 5 6 7 10 | 10.9
Armour         | 2 3 5 |  5.9
Dodging        | 5 6 7 8 |  8.2
Shields        | 5 7 8 |  8.5

Action                   |  1- 3 |  4- 6 |  7- 9 || total
-------------------------+-------+-------+-------++-------
Melee: Great mace        |     4 |     2 |    30 ||    36
  Use: Potion            |     1 |     1 |       ||     2
       Scroll            |       |       |     1 ||     1
Armor: Gold dragon scale |     3 |     2 |    53 ||    58
Dodge: Dodged            |     4 |     1 |    25 ||    30
